 Dungeon Crawl Stone Soup version 0.18.1-48-g4cf74bf (webtiles) character file.

182 Alarkh the Shooter (level 5, -2/38 HPs)
             Began as a Mummy Hunter on Sept 6, 2016.
             Slain by rlgrobin's ghost (11 damage)
             ... on level 3 of the Dungeon.
             The game lasted 00:05:05 (3221 turns).

Alarkh the Shooter (Mummy Hunter)                   Turns: 3221, Time: 00:05:05

Health: -2/38      AC:  6    Str: 15    XL:     5   Next: 35%
Magic:  5/5        EV: 11    Int: 12    God:
Gold:   147        SH:  0    Dex: 12    Spells: 0 memorised, 4 levels left

rFire  x . .     SeeInvis .     b - +1 flail (crush)
rCold  + + .     Gourm    .     c - +0 leather armour
rNeg   + + +     Faith    .     (no shield)
rPois  ∞         Spirit   .     (no helmet)
rElec  .         Dismiss  .     (no cloak)
rCorr  .         Reflect  .     (no gloves)
SustAt .         Harm     .     g - +0 pair of boots
MR     .....                    (no amulet)
Stlth  +.........               l - ring of protection from cold
                                f - +2 ring of protection

@: not resistant to hostile enchantments, very unstealthy
A: no food or potions, fire vulnerability, cold resistance 1, negative energy
resistance 3, torment resistance, unbreathing
a: no special abilities


You were on level 3 of the Dungeon.
You were not hungry.

You visited 1 branch of the dungeon, and saw 4 of its levels.

You collected 147 gold pieces.

Inventory:

Hand Weapons
 a - a +1 shortbow
 b - a +1 flail of crushing (weapon)
 i - a +0 short sword
 k - a +1 dagger of speed
 o - a +0 mace
 q - a +0 war axe of chopping
Missiles
 d - 14 arrows
 r - a throwing net (quivered)
Armour
 c - a +0 leather armour (worn)
 g - a +0 pair of boots (worn)
Jewellery
 f - a +2 ring of protection (left hand)
 l - a ring of protection from cold (right hand)
Scrolls
 e - a scroll of identify
 h - a scroll of blinking
 j - a scroll of teleportation
 m - a scroll of remove curse
 n - a scroll of random uselessness
 p - a scroll of noise
 s - a scroll of recharging {unknown}


   Skills:
 - Level 2.0 Fighting
 + Level 5.5 Bows
 - Level 1.5 Dodging
 - Level 0.7 Stealth


You had 4 spell levels left.
You didn't know any spells.

Dungeon Overview and Level Annotations

Branches:
Dungeon (4/15)
 Temple: D:4-7

Altars:
Ashenzari
Kikubaaqudgha

Annotations:
D:3 rlgrobin's ghost, amateur DECK


Innate Abilities, Weirdness & Mutations

You do not eat or drink.
Your flesh is vulnerable to fire.
You are immune to poison.
Your flesh is cold resistant.
You are immune to negative energy.
You are immune to unholy pain and torment.
You can survive without breathing.


Message History

Rlgrobin's ghost is heavily damaged.
Rlgrobin's ghost misses you.
You closely miss rlgrobin's ghost.
Rlgrobin's ghost is heavily damaged.
Rlgrobin's ghost hits you.
You thump rlgrobin's ghost!
Rlgrobin's ghost is almost destroyed.
Rlgrobin's ghost hits you.
You convulse.
Rlgrobin's ghost hits you but does no damage.
You are too injured to fight recklessly!
You are too injured to fight recklessly!
You hit rlgrobin's ghost but do no damage.
Rlgrobin's ghost is almost destroyed.
Rlgrobin's ghost hits you.
You closely miss rlgrobin's ghost.
Rlgrobin's ghost is almost destroyed.
Rlgrobin's ghost misses you. Rlgrobin's ghost hits you!
* * * LOW HITPOINT WARNING * * *
You are electrocuted!
You die...

#.####.##.........)# #..... #.#
#.##.....##.#.# #.....
#.####.##..#####.#.#######.....
###..........#####.#.............
............>......###...........
.........<....<......#...........
.........###.##.##.#.#...........
..)......# #.##.##...#.......####
.........# #.#..@W#..#........###
.........# #.#.......#........#..
........)# #.#....)...........#.#
##'####### #.#.#.###..######+##..
#.#########....................)
#........###..#...#..######.###.
###......# #.####.#..####.#.# #.
#......# #....#.........#.###.
###......# #..#.###...###.#.#...


You could see rlgrobin's ghost.

Vanquished Creatures
  Terence (D:2)
  Natasha (thrice) (D:2)
  3 adders
  A worm (D:2)
  2 dart slugs (D:1)
  An orc (D:3)
  5 bats
  A bat zombie (D:3)
  3 giant cockroaches
  5 hobgoblins
  A quokka (D:2)
  2 ball pythons
  5 giant newts
  8 goblins
  5 kobolds
  9 rats
  A rat zombie (D:3)
  A plant (D:1)
57 creatures vanquished.

Notes
Turn   | Place    | Note
--------------------------------------------------------------
     0 | D:1      | Alarkh the Mummy Hunter began the quest for the Orb.
     0 | D:1      | Reached XP level 1. HP: 16/16 MP: 1/1
   172 | D:1      | Reached XP level 2. HP: 7/22 MP: 2/2
  1156 | D:1      | Reached skill level 4 in Bows
  1206 | D:2      | Noticed Natasha
  1334 | D:2      | Reached XP level 3. HP: 26/27 MP: 3/3
  1367 | D:2      | Killed Natasha
  1659 | D:2      | Noticed Natasha
  1674 | D:2      | Killed Natasha
  1674 | D:2      | Reached XP level 4. HP: 14/33 MP: 4/4
  1883 | D:2      | Noticed Natasha
  1888 | D:2      | Killed Natasha
  1888 | D:2      | Reached skill level 5 in Bows
  2077 | D:2      | Found a shattered altar of Ashenzari.
  2112 | D:2      | Noticed Terence
  2243 | D:2      | Reached XP level 5. HP: 38/38 MP: 5/5
  2546 | D:2      | Found a shattered altar of Ashenzari.
  2803 | D:2      | Killed Terence
  3056 | D:3      | Found an ancient bone altar of Kikubaaqudgha.
  3173 | D:3      | Noticed rlgrobin's ghost (amateur DECK)
  3221 | D:3      | Slain by rlgrobin's ghost

Skill      XL: |  1  2  3  4 |
---------------+-------------+-----
Bows           | 4 5 |  5.5
Fighting       | |  2.0
Dodging        | |  1.5
Stealth        | |  0.7

Action                   |  1- 3 |  4- 6 || total
-------------------------+-------+-------++-------
Melee: Short sword       |    10 |       ||    10
       Mace              |   110 |    26 ||   136
       Flail             |       |    27 ||    27
 Fire: Shortbow          |    31 |    29 ||    60
  Use: Scroll            |     1 |     4 ||     5
 Stab: Sleeping          |     1 |     2 ||     3
Armor: Leather armour    |    27 |    29 ||    56
Dodge: Dodged            |    46 |    37 ||    83
